BR
MONROE MALLARDS @ YELLOWKNIFE CLAWS
08/03/2027
 
TOP OF THE 1ST
Monroe Mallards batting - Pitching for Yellowknife Claws : RHP George Pierce
Pitching: RHP George Pierce
Batting: RHB Ricardo López 0-0: Ball
1-0: Called Strike
1-1: Foul Ball, location: 2F
1-2: Ball
2-2: Foul Ball, location: 2F
2-2: Ball
3-2: Foul Ball, location: 2F
3-2: Base on Balls
Batting: RHB Roberto Sánchez 0-0: Ball
1-0: Grounds into double play, 6-4-3 (Groundball, 6)
Batting: RHB Dave Sawyer 0-0: Called Strike
0-1: Ball
1-1: Foul Ball, location: 2F
1-2: Foul Ball, location: 2F
1-2: Strikes out looking
Top of the 1st over - 0 run(s), 0 hit(s), 0 error(s), 0 left on base; Monroe 0 - Yellowknife 0
BOTTOM OF THE 1ST
Yellowknife Claws batting - Pitching for Monroe Mallards : RHP Ben Simpson
Pitching: RHP Ben Simpson
Batting: RHB Fernando Álvarez 0-0: Ball
1-0: Bunt for hit - play at first, batter safe!
Batting: RHB Oliver Gonzéles 0-0: Swinging Strike
0-1: Foul Ball, location: 2F
0-2: Grounds into double play, 5-4-3 (Groundball, 5)
Batting: SHB José Espinoza 0-0: Swinging Strike
0-1: Ball
1-1: Called Strike
1-2: Strikes out swinging
Bottom of the 1st over - 0 run(s), 1 hit(s), 0 error(s), 0 left on base; Monroe 0 - Yellowknife 0
TOP OF THE 2ND
Monroe Mallards batting - Pitching for Yellowknife Claws : RHP George Pierce
Batting: LHB Allen Boyd 0-0: Foul Ball, location: 2F
0-1: Ball
1-1: Ball
2-1: Ground out 3-1 (Groundball, 34S)
Batting: RHB Cisco López 0-0: Fly out, F7 (Flyball, 7)
Batting: RHB Stephen Black 0-0: Ball
1-0: Fly out, F9 (Flyball, 9)
Top of the 2nd over - 0 run(s), 0 hit(s), 0 error(s), 0 left on base; Monroe 0 - Yellowknife 0
BOTTOM OF THE 2ND
Yellowknife Claws batting - Pitching for Monroe Mallards : RHP Ben Simpson
Batting: RHB Alan Williams 0-0: Ball
1-0: Foul Ball, location: 2F
1-1: Foul Ball, location: 2F
1-2: Strikes out swinging
Batting: RHB Bob Bishop 0-0: Ball
1-0: Ground out 5-3 (Groundball, 5)
Batting: RHB Curt O'Brian 0-0: Hit by Pitch
Batting: RHB Juan Gómez 0-0: Foul Ball, location: 2F
0-1: Called Strike
Curt O'Brian is caught stealing 2nd base
Bottom of the 2nd over - 0 run(s), 0 hit(s), 0 error(s), 0 left on base; Monroe 0 - Yellowknife 0
TOP OF THE 3RD
Monroe Mallards batting - Pitching for Yellowknife Claws : RHP George Pierce
Batting: RHB Rafael Crus 0-0: Foul Ball, location: 2F
0-1: Ball
1-1: Ball
2-1: Foul Ball, location: 2F
2-2: Strikes out swinging
Batting: SHB Richie Gallegos 0-0: Ball
1-0: Called Strike
1-1: Called Strike
1-2: Ground out 4-3 (Groundball, 34)
Batting: LHB Ramón Chávez 0-0: Ball
1-0: Ball
2-0: Ball
3-0: Called Strike
3-1: Foul Ball, location: 2F
3-2: Base on Balls
Batting: RHB Ricardo López 0-0: Ball
1-0: Called Strike
1-1: Ball
2-1: Ball
3-1: Called Strike
3-2: Strikes out swinging
Top of the 3rd over - 0 run(s), 0 hit(s), 0 error(s), 1 left on base; Monroe 0 - Yellowknife 0
BOTTOM OF THE 3RD
Yellowknife Claws batting - Pitching for Monroe Mallards : RHP Ben Simpson
Batting: RHB Juan Gómez 0-0: Ball
1-0: Called Strike
1-1: Ball
2-1: Called Strike
2-2: Ball
3-2: Base on Balls
Batting: RHB Carlos Uribe 0-0: Swinging Strike
0-1: Ball
1-1: Ball
2-1: Ball
3-1: Called Strike
3-2: Strikes out swinging
Batting: RHB Ricardo Ontiveros 0-0: Foul Ball, location: 2F
0-1: Ball
1-1: Ball
2-1: Foul Ball, location: 2F
2-2: Ball
3-2: Fly out, F9 (Flyball, 9LMF)
Batting: RHB Fernando Álvarez 0-0: Called Strike
0-1: Ball
1-1: DOUBLE (Groundball, 5L)
Juan Gómez to third
Batting: RHB Oliver Gonzéles 0-0: Hit by Pitch
Batting: SHB José Espinoza 0-0: Ball
1-0: Foul Ball, location: 2F
1-1: Ball
2-1: Foul Ball, location: 2F
2-2: Foul Ball, location: 2F
2-2: Foul Ball, location: 2F
2-2: Strikes out swinging
Bottom of the 3rd over - 0 run(s), 1 hit(s), 0 error(s), 3 left on base; Monroe 0 - Yellowknife 0
TOP OF THE 4TH
Monroe Mallards batting - Pitching for Yellowknife Claws : RHP George Pierce
Batting: RHB Roberto Sánchez 0-0: Ball
1-0: Foul Ball, location: 2F
1-1: Ball
2-1: Foul Ball, location: 2F
2-2: Ground out 1-3 (Groundball, 13)
Batting: RHB Dave Sawyer 0-0: Swinging Strike
0-1: Ball
1-1: Foul Ball, location: 2F
1-2: Strikes out swinging
Batting: LHB Allen Boyd 0-0: Ball
1-0: Ball
2-0: Ball
3-0: Called Strike
3-1: Base on Balls
Batting: RHB Cisco López 0-0: Ball
1-0: Foul Ball, location: 2F
1-1: Ball
2-1: Ball
3-1: SINGLE (Line Drive, 8LS)
Allen Boyd to second
Batting: RHB Stephen Black 0-0: Called Strike
0-1: Ball
1-1: Ball
2-1: Ball
3-1: Called Strike
3-2: Foul Ball, location: 2F
3-2: Strikes out looking
Top of the 4th over - 0 run(s), 1 hit(s), 0 error(s), 2 left on base; Monroe 0 - Yellowknife 0
BOTTOM OF THE 4TH
Yellowknife Claws batting - Pitching for Monroe Mallards : RHP Ben Simpson
Batting: RHB Alan Williams 0-0: Called Strike
0-1: Swinging Strike
0-2: Ball
1-2: Ball
2-2: SINGLE (Flyball, 8LS)
Batting: RHB Bob Bishop 0-0: Ball
1-0: Foul Ball, location: 2F
1-1: Ball
2-1: Foul Ball, location: 2F
2-2: Fly out, F8 (Flyball, 8LD)
Batting: RHB Curt O'Brian 0-0: Called Strike
0-1: 2-RUN HOME RUN (Flyball, 7LD), Distance : 355 ft
Batting: RHB Juan Gómez 0-0: Ball
1-0: Ball
2-0: Foul Ball, location: 2F
2-1: Foul Ball, location: 2F
2-2: Strikes out swinging
Batting: RHB Carlos Uribe 0-0: Ball
1-0: Ball
2-0: Called Strike
2-1: SINGLE (Groundball, 6M) (infield hit)
Batting: RHB Ricardo Ontiveros 0-0: DOUBLE (Line Drive, 7LM)
Carlos Uribe to third
Batting: RHB Fernando Álvarez 0-0: Swinging Strike
0-1: Foul Ball, location: 2F
0-2: Ball
1-2: Foul Ball, location: 2F
1-2: Ball
2-2: Strikes out swinging
Bottom of the 4th over - 2 run(s), 4 hit(s), 0 error(s), 2 left on base; Monroe 0 - Yellowknife 2
TOP OF THE 5TH
Monroe Mallards batting - Pitching for Yellowknife Claws : RHP George Pierce
Batting: RHB Rafael Crus 0-0: Called Strike
0-1: Ball
1-1: Called Strike
1-2: Foul Ball, location: 2F
1-2: Ball
2-2: Strikes out swinging
Batting: SHB Richie Gallegos 0-0: Ball
1-0: Called Strike
1-1: Ball
2-1: Foul Ball, location: 2F
2-2: SINGLE (Groundball, 34) (infield hit)
Pitching: RHP Javier Soriano
Batting: LHB Ramón Chávez 0-0: Ball
1-0: Ball
2-0: Called Strike
2-1: Ball
3-1: Foul Ball, location: 2F
3-2: Strikes out swinging
Batting: RHB Ricardo López 0-0: Fielders Choice at 2nd, 6-4 (Groundball, 6)
Top of the 5th over - 0 run(s), 1 hit(s), 0 error(s), 0 left on base; Monroe 0 - Yellowknife 2
BOTTOM OF THE 5TH
Yellowknife Claws batting - Pitching for Monroe Mallards : RHP Ben Simpson
Batting: RHB Oliver Gonzéles 0-0: Called Strike
0-1: Called Strike
0-2: Foul Ball, location: 2F
0-2: Strikes out swinging
Batting: SHB José Espinoza 0-0: Called Strike
0-1: Fly out, F8 (Flyball, 8RD)
Batting: RHB Alan Williams 0-0: Ball
1-0: Called Strike
1-1: Called Strike
1-2: Ball
2-2: Foul Ball, location: 2F
2-2: Foul Ball, location: 2F
2-2: Ball
3-2: Ground out 6-3 (Groundball, 6)
Bottom of the 5th over - 0 run(s), 0 hit(s), 0 error(s), 0 left on base; Monroe 0 - Yellowknife 2
TOP OF THE 6TH
Monroe Mallards batting - Pitching for Yellowknife Claws : RHP Javier Soriano
Batting: RHB Roberto Sánchez 0-0: Ball
1-0: Ball
2-0: Fly out, F9 (Flyball, 9S)
Batting: RHB Dave Sawyer 0-0: Ball
1-0: Ball
2-0: Ball
3-0: Called Strike
3-1: Fly out, F6 (Line Drive, 6)
Batting: LHB Allen Boyd 0-0: Foul Ball, location: 2F
0-1: Ball
1-1: Foul Ball, location: 2F
1-2: Ball
2-2: Ball
3-2: Base on Balls
Batting: RHB Cisco López 0-0: Called Strike
0-1: Fielders Choice at 2nd, 5-4 (Groundball, 56)
Top of the 6th over - 0 run(s), 0 hit(s), 0 error(s), 0 left on base; Monroe 0 - Yellowknife 2
BOTTOM OF THE 6TH
Yellowknife Claws batting - Pitching for Monroe Mallards : RHP Ben Simpson
Pitching: LHP Zach Lowery
Batting: RHB Bob Bishop 0-0: Called Strike
0-1: Swinging Strike
0-2: Strikes out swinging
Batting: RHB Curt O'Brian 0-0: Ball
1-0: TRIPLE (Line Drive, 9LM)
Batting: RHB Juan Gómez 0-0: Fly out, F7 (Flyball, 7LM)
Runner from 3rd tags up, SCORES, no throw
Pitching: LHP Dave Hughes
Batting: RHB Carlos Uribe 0-0: Ball
1-0: Swinging Strike
1-1: Ball
2-1: Called Strike
2-2: Ball
3-2: SOLO HOME RUN (Flyball, 89XD), Distance : 421 ft
Pitching: RHP Craig Mills
Batting: RHB Ricardo Ontiveros 0-0: Ball
1-0: Ball
2-0: Ball
3-0: Called Strike
3-1: Called Strike
3-2: Fly out, F8 (Flyball, 8RS)
Bottom of the 6th over - 2 run(s), 2 hit(s), 0 error(s), 0 left on base; Monroe 0 - Yellowknife 4
TOP OF THE 7TH
Monroe Mallards batting - Pitching for Yellowknife Claws : RHP Javier Soriano
Batting: RHB Stephen Black 0-0: Ball
1-0: Foul Ball, location: 2F
1-1: Ball
2-1: Fly out, F5 (Popup, 5S)
Batting: RHB Rafael Crus 0-0: Swinging Strike
0-1: Swinging Strike
0-2: Strikes out looking
Batting: SHB Richie Gallegos 0-0: Ball
1-0: Foul Ball, location: 2F
1-1: Ball
2-1: Ball
3-1: Fly out, F7 (Flyball, 78S)
Top of the 7th over - 0 run(s), 0 hit(s), 0 error(s), 0 left on base; Monroe 0 - Yellowknife 4
BOTTOM OF THE 7TH
Yellowknife Claws batting - Pitching for Monroe Mallards : RHP Craig Mills
Batting: RHB Fernando Álvarez 0-0: Ball
1-0: Foul Ball, location: 2F
1-1: Swinging Strike
1-2: SINGLE (Groundball, 34D)
Batting: RHB Oliver Gonzéles 0-0: Ball
1-0: Ball
2-0: Ball
3-0: Called Strike
3-1: Called Strike
3-2: Strikes out looking
Fernando Álvarez steals 2nd base
Batter strikes out.
Batting: SHB José Espinoza 0-0: Ball
1-0: Ball
2-0: Ball
3-0: Foul Ball, location: 2F
3-1: Called Strike
3-2: Foul Ball, location: 2F
3-2: SINGLE (Line Drive, 34)
Fernando Álvarez to third
Runner from 3rd tries for Home, SAFE, no throw
Pitching: RHP Oscar Martin
Batting: RHB Alan Williams 0-0: Ball
1-0: Swinging Strike
1-1: Ball
2-1: Called Strike
2-2: Ground out 5-3 (Groundball, 56S)
José Espinoza to second
Batting: RHB Bob Bishop 0-0: Ball
1-0: Foul Ball, location: 2F
1-1: Ground out 4-3 (Groundball, 4)
Bottom of the 7th over - 1 run(s), 2 hit(s), 0 error(s), 1 left on base; Monroe 0 - Yellowknife 5
TOP OF THE 8TH
Monroe Mallards batting - Pitching for Yellowknife Claws : RHP Javier Soriano
Batting: LHB Ramón Chávez 0-0: Called Strike
0-1: Called Strike
0-2: Strikes out looking
Pitching: RHP Tom Keeney
Batting: RHB Ricardo López 0-0: Called Strike
0-1: Swinging Strike
0-2: Ball
1-2: Ball
2-2: Ball
3-2: Strikes out looking
Batting: RHB Roberto Sánchez 0-0: Ball
1-0: Swinging Strike
1-1: Foul Ball, location: 2F
1-2: Ball
2-2: Foul Ball, location: 2F
2-2: Strikes out looking
Top of the 8th over - 0 run(s), 0 hit(s), 0 error(s), 0 left on base; Monroe 0 - Yellowknife 5
BOTTOM OF THE 8TH
Yellowknife Claws batting - Pitching for Monroe Mallards : RHP Oscar Martin
Batting: RHB Curt O'Brian 0-0: Ball
1-0: Called Strike
1-1: Hit by Pitch
Batting: RHB Juan Gómez 0-0: Foul Ball, location: 2F
0-1: Ball
1-1: Ball
2-1: Called Strike
2-2: Ball
3-2: Foul Ball, location: 2F
3-2: Fly out, F8 (Line Drive, 8LM)
Batting: RHB Carlos Uribe 0-0: Grounds into double play, 5-4-3 (Groundball, 5L)
Bottom of the 8th over - 0 run(s), 0 hit(s), 0 error(s), 0 left on base; Monroe 0 - Yellowknife 5
TOP OF THE 9TH
Monroe Mallards batting - Pitching for Yellowknife Claws : RHP Tom Keeney
Batting: RHB Dave Sawyer 0-0: Ball
1-0: Foul Ball, location: 2F
1-1: SINGLE (Line Drive, 89S)
Batting: LHB Allen Boyd 0-0: Called Strike
0-1: SINGLE (Line Drive, 78S)
Dave Sawyer to second
Batting: RHB Cisco López 0-0: Ball
1-0: Foul Ball, location: 2F
1-1: Swinging Strike
1-2: Strikes out swinging
Batting: RHB Stephen Black 0-0: Fielders Choice at 2nd, 4-6 (Groundball, 4M)
Dave Sawyer to third
Batting: RHB Rafael Crus 0-0: Called Strike
0-1: Ball
1-1: Called Strike
1-2: Strikes out swinging
Top of the 9th over - 0 run(s), 2 hit(s), 0 error(s), 2 left on base; Monroe 0 - Yellowknife 5
Thursday, March 30th, 2017 - OOTP Baseball 17.12 Build 75